 Dungeon Crawl Stone Soup version 0.30-a0-772-g5528072125 (webtiles) character file.

Game seed: 9520129182367099832

31 avis the Shooter (level 2, -2/24 HPs)
             Began as a Demigod Hunter on Feb 13, 2023.
             Slain by a gnoll
             ... wielding a +0 whip
              (6 damage)
             ... on level 1 of the Dungeon.
             The game lasted 00:06:40 (1270 turns).

avis the Shooter (Demigod Hunter)                   Turns: 1270, Time: 00:06:40

Health: -2/24      AC:  3    Str: 12    XL:     2   Next: 90%
Magic:  4/4        EV: 12    Int: 11    God:
Gold:   92         SH:  0    Dex: 17    Spells: 1/1 levels left

rFire   . . .      SeeInvis .    a - +0 shortbow
rCold   . . .      Faith    .    (shield currently unavailable)
rNeg    . . .      Spirit   .    c - +0 leather armour
rPois   .          Reflect  .    (no helmet)
rElec   .          Harm     .    (no cloak)
rCorr   .          Rampage  .    (no gloves)
Will    .....                    (no boots)
Stlth   ++                       (no amulet)
HPRegen 0.24/turn                (no ring)
MPRegen 0.09/turn                (no ring)

@: no status effects
A: high MP 1, forlorn, divine attributes
a: no special abilities


You were on level 1 of the Dungeon.
You visited 1 branch of the dungeon, and saw 2 of its levels.

You collected 92 gold pieces.

Inventory:

Hand Weapons
 a - a +0 shortbow (weapon)
Missiles
 g - 5 poisoned darts
Armour
 c - a +0 leather armour (worn)
Scrolls
 b - a scroll of immolation
 f - a scroll of poison {unknown}
 k - a scroll of teleportation {unknown}
 l - a scroll of enchant weapon {unknown}
Potions
 d - a potion of flight {unknown}
 e - a potion of berserk rage {unknown}
 h - a potion of brilliance {unknown}
 i - a potion of curing {unknown}
 j - a potion of might {unknown}
 m - a potion of mutation {unknown}


   Skills:
 - Level 2.0 Fighting
 * Level 4.0 Ranged Weapons
 - Level 2.0 Dodging
 - Level 2.0 Stealth


You had one spell level left.
You didn't know any spells.
Your spell library was empty.

Dungeon Overview and Level Annotations

Branches:
Dungeon (2/15)

Shops:
D:1 **[

Annotations:
D:1 Glass case w/treasure.


Innate Abilities, Weirdness & Mutations

You have an increased reservoir of magic. (+10% MP)
You shall have no god before yourself.
Your divine heritage dramatically boosts your attributes as you level up.


Message History

Aim: a gnoll, wielding a +0 whip (66% to hit)
You shoot an arrow. The arrow completely misses the gnoll.
Fire: a) +0 shortbow
Press: ? - help, Q - select action, (/) - cycle Shift-Dir - straight line, f/p - gnoll
Aim: a gnoll, wielding a +0 whip (66% to hit)
You shoot an arrow. The arrow hits the gnoll.
The gnoll is lightly wounded.
You hear a shout!
Fire: a) +0 shortbow
Press: ? - help, Q - select action, (/) - cycle Shift-Dir - straight line, f/p - gnoll
Aim: a gnoll, wielding a +0 whip (lightly wounded, 66% to hit)
You shoot an arrow. The arrow closely misses the gnoll. x2
There is a stone staircase leading up here.
You climb upwards.
Level annotation: Glass case w/treasure.
There is a stone staircase leading down here.
You start resting.
HP restored.
You climb downwards.
The gnoll hits you with a +0 whip! The gnoll barely misses you.
There is a stone staircase leading up, spattered with blood here.
The gnoll hits you with a +0 whip.
You climb upwards.
Level annotation: Glass case w/treasure.
There is a stone staircase leading down here.
Fire: a) +0 shortbow
Press: ? - help, Q - select action, (/) - cycle Shift-Dir - straight line, f - gnoll
Aim: a gnoll, wielding a +0 whip (66% to hit)
You shoot an arrow.
The arrow hits the gnoll but does no damage.
The gnoll hits you with a +0 whip!
* * * LOW HITPOINT WARNING * * *
Fire: a) +0 shortbow
Press: ? - help, Q - select action, (/) - cycle Shift-Dir - straight line, f/p - gnoll
Aim: a gnoll, wielding a +0 whip (66% to hit)
Okay, then.
The gnoll attacks as you move away! The gnoll misses you.
The gnoll attacks as you move away! The gnoll closely misses you.
The gnoll attacks as you move away! The gnoll hits you with a +0 whip.
You die...

...##.....♣...#.....# #....#
#####.###.#####.....# #....#####
..# #.# #.....+.....# #....'....
#.###.# #####.......# #....####.
#.....# ##..#.....# ####.#..#.
##.########.##.##...#######.#..#.
#.##....##.#.8.#.###.......#..##
#..+....##.##.##.# #.#######..##
#.##....###..#.@## #.# #....
#.##....# #....g####.# ##.##
#.......# #.....##...# #.#
####.....# ###..#.#...# #.#
##...#'### ##.#>#...# #.##
######...# #...#...# #.#.
.#.....#.#### ###.###.# #.#.
.#.###.#....# #.....# ####.#.
.#.......##.# ####.#### #..#.##


You could see a gnoll.

Vanquished Creatures
  An adder (D:1)
  2 endoplasms
  2 giant cockroaches (D:1)
  3 hobgoblins
  4 jackals (D:1)
  A quokka (D:1)
  2 ball pythons (D:1)
  A bat (D:2)
  A kobold (D:1)
  4 rats (D:1)
21 creatures vanquished.

Notes
Turn   | Place    | Note
-------+----------+-------------------------------------------
     0 | D:1      | avis the Demigod Hunter began the quest for the Orb.
     0 | D:1      | Reached XP level 1. HP: 17/17 MP: 3/3
    91 | D:1      | Found Urreonatt's Antique Armour Emporium.
   111 | D:1      | Found Boxtesch's Assorted Antiques.
   117 | D:1      | Found Geerism's General Store.
   124 | D:1      | Found Kolyuxt's Antique Armour Shoppe.
   523 | D:1      | Reached skill level 4 in Ranged Weapons
   524 | D:1      | Reached XP level 2. HP: 24/24 MP: 4/4
   786 | D:1      | Reached skill level 1 in Stealth
  1270 | D:1      | Slain by a gnoll

Illustrated notes

Levels and vault maps discovered:
D:1:      dpeg_arrival_leaves_temple_mockup, layout_basic, serial_shops,
          nicolae_shop_window_shopping, shop, nicolae_shop_trees, shop,
          serial_curves, eino_curves_02, eino_curves_01,
          dreamdust_ecumenical_altar_hidden_monk_grotto, grunt_decor_one_mirror,
          due_unseen_surprise
D:2:      layout_loops_ring, basic_altar, minmay_crystal_water, uniq_jessica

Skill      XL: |  1  2 |
---------------+-------+-----
Fighting       | 2 |  2.0
Ranged Weapons | 4 |  4.0
Dodging        | 2 |  2.0
Stealth        | 2 |  2.0

Action                     || total
---------------------------++-------
   Fire: Shortbow          ||    70
 Armour: Leather armour    ||    10
  Dodge: Dodged            ||    33

Table legend: (Time is in decaauts)
 A = Elapsed time spent in this place.
 B = Non-inter-level travel time spent in this place.
 C = Inter-level travel time spent in this place.
 D = Time resting spent in this place.
 E = Time spent auto-exploring this place.
 F = Levels seen in this place.
 G = Mean time per level.
                   A        B        C        D        E       F      G
               +--------+--------+--------+--------+--------+-----+--------+
         Total |   1295 |   1123 |    172 |     93 |    748 |   2 |  647.5 |
       Dungeon |   1295 |   1123 |    172 |     93 |    748 |   2 |  647.5 |
               +--------+--------+--------+--------+--------+-----+--------+

Top non-repeatable levels by time:
     D:1: 1220 daAuts
     D:2: 74 daAuts
